 Dungeon Crawl Stone Soup version 0.23.2-1-ga50397a6bc (webtiles) character file.

Game seed: 13934326180084246237

51 Menchi the Skirmisher (level 3, -2/29 HPs)
             Began as a Mummy Fighter on May 13, 2019.
             Was an Initiate of Gozag.
             Slain by Grinder (5 damage)
             ... on level 3 of the Dungeon.
             The game lasted 00:02:36 (705 turns).

Menchi the Skirmisher (Mummy Fighter)                Turns: 705, Time: 00:02:37

Health: -2/29      AC:  7    Str: 20    XL:     3   Next: 57%
Magic:  3/3        EV: 10    Int:  7    God:    Gozag
Gold:   153        SH:  0    Dex: 11    Spells: 2/2 levels left

rFire    . . .     SeeInvis .   a - +0 trident
rCold    + . .     Gourm    .   (no shield)
rNeg     + + +     Faith    .   b - +0 scale mail
rPois    ∞         Spirit   .   (no helmet)
rElec    .         Reflect  .   i - +0 cloak
rCorr    .         Harm     .   (no gloves)
MR       .....                  (no boots)
Stlth    ..........             (no amulet)
HPRegen  0.09/turn              d - ring of protection from fire
MPRegen  0.08/turn              (no ring)

@: no status effects
A: no food or potions, fire vulnerability, cold resistance 1, negative energy
resistance 3, torment resistance, unbreathing
a: Potion Petition, Call Merchant, Bribe Branch, Renounce Religion


You were on level 3 of the Dungeon.
You worshipped Gozag.
Gozag was aware of your devotion.
You were not hungry.

You visited 1 branch of the dungeon, and saw 3 of its levels.

You collected 193 gold pieces.
You paid 40 gold pieces to Gozag.

Inventory:

Hand Weapons
 a - a +0 trident (weapon)
Armour
 b - a +0 scale mail (worn)
 c - a +0 shield
 i - a +0 cloak (worn)
Jewellery
 d - a ring of protection from fire (left hand)
Scrolls
 e - a scroll of blinking {unknown}
 f - a scroll of remove curse {unknown}
 g - a scroll of teleportation {unknown}
 h - 2 scrolls of identify {unknown}
 j - a scroll of random uselessness {unknown}
 k - a scroll of fog {unknown}
 l - a scroll of magic mapping {unknown}


   Skills:
 + Level 3.4 Fighting
 - Level 1.5 Polearms
 + Level 2.8 Armour
 + Level 1.1 Dodging
 + Level 2.8 Shields


You had 2 spell levels left.
You didn't know any spells.
Your spell library was empty.

Dungeon Overview and Level Annotations

Branches:
Dungeon (3/15)

Altars:
Gozag
Trog

Annotations:
D:3 Grinder


Innate Abilities, Weirdness & Mutations

You do not eat or drink.
Your flesh is vulnerable to fire.
You are immune to poison.
Your flesh is cold resistant. (rC+)
You are immune to negative energy. (rN+++)
You are immune to unholy pain and torment.
You can survive without breathing.


Message History

Grinder hits you but does no damage.
You completely miss Grinder.
Grinder is moderately wounded.
Grinder gestures at you.
You suddenly lose the ability to move!
Grinder hits you!
* * * LOW HITPOINT WARNING * * *
Grinder hits you.
* * * LOW HITPOINT WARNING * * *
Grinder gestures at you.
You shrug off the repeated paralysis!
You can move again.
You hit Grinder.
Grinder is moderately wounded.
Grinder says, "Wait up."
Grinder blinks!
You hit Grinder.
Grinder is heavily wounded.
Grinder hits you.
You die...
Your body crumbles into a pile of gold.

#.........#
#.##..###.##.#
#.........##.#
#####.##..##.#
#..#.....#
##.##.####
#..#.####.. $
#..5.......
##.@.#####!
##$.......
#....$...
#........
#...$....
#.>......
##......#
......#


You could see Grinder.

Vanquished Creatures
  An adder (D:2)
  An ooze (D:3)
  A worm (D:3)
  A leopard gecko (D:3)
  2 giant cockroaches (D:1)
  11 goblins
  3 hobgoblins
  A kobold (D:1)
  3 bats
  3 frilled lizards
  6 rats (D:1)
33 creatures vanquished.

Notes
Turn   | Place    | Note
-------+----------+-------------------------------------------
     0 | D:1      | Menchi the Mummy Fighter began the quest for the Orb.
     0 | D:1      | Reached XP level 1. HP: 18/18 MP: 1/1
    57 | D:1      | Reached XP level 2. HP: 16/24 MP: 2/2
   245 | D:1      | You fall through a shaft!
   245 | D:2      | Found an opulent altar of Gozag.
   254 | D:2      | Became a worshipper of Gozag Ym Sagoz the Greedy
   503 | D:2      | Found a bloodstained altar of Trog.
   534 | D:2      | Reached skill level 1 in Dodging
   534 | D:2      | Reached XP level 3. HP: 25/29 MP: 3/3
   555 | D:2      | Noticed a sky beast
   684 | D:3      | Noticed Grinder
   690 | D:3      | Paralysed by Grinder for 7 turns
   701 | D:3      | Paralysed by Grinder for 3 turns
   705 | D:3      | Slain by Grinder

Skill      XL: |  1  2 |
---------------+-------+-----
Dodging        | 1 |  1.1
Fighting       | |  3.4
Polearms       | |  1.5
Armour         | |  2.8
Shields        | |  2.8

Action                   || total
-------------------------++-------
Melee: Trident           ||   135
 Stab: Distracted        ||     2
Armor: Scale mail        ||    76
Dodge: Dodged            ||    87
